 Dungeon Crawl Stone Soup version 0.26-a0-812-g31a745ddcd (webtiles) character file.

Game seed: 4162071779381502166

351712 nuthulu the Slayer (level 22, -16/166 HPs)
             Began as a Gargoyle Fighter on Dec 3, 2020.
             Was the Champion of Okawaru.
             Demolished by a spriggan defender
             ... wielding a +0 rapier of venom
              (18 damage)
             ... on level 2 of the Depths.
             The game lasted 01:28:01 (40953 turns).

nuthulu the Slayer (Gargoyle Fighter)              Turns: 40953, Time: 01:28:02

Health: -16/166    AC: 57    Str: 30    XL:     22   Next: 24%
Magic:  28/28      EV: 10    Int:  9    God:    Okawaru [******]
Gold:   3670       SH: 16    Dex: 17    Spells: 21/21 levels left

rFire    + . .     SeeInvis +   x - +9 demon whip (vorpal)
rCold    + . .     Faith    .   h - +1 kite shield {AC+3}
rNeg     + . .     Spirit   .   d - +5 gold dragon scales
rPois    ∞         Reflect  .   a - +1 helmet of the Eleven Nightmares {MR+}
rElec    +         Harm     .   B - +2 cloak
rCorr    .         Rampage  +   g - +0 pair of gloves "Baistroe" {Regen+ Dex+2}
MR       +++..                  K - +2 pair of boots {rampage}
Stlth    ..........             n - amulet of regeneration
HPRegen  1.17/turn              o - ring "Entein" {MR+ Str+6}
MPRegen  0.21/turn              y - ring of see invisible

@: constricted
A: big wings, negative energy resistance 1, electricity resistance, unbreathing,
petrification resistance, rot immunity, AC +16
}: 2/15 runes: decaying, gossamer
a: Fly, Heroism, Finesse, Renounce Religion


You were on level 2 of the Depths.
You worshipped Okawaru.
Okawaru was exalted by your worship.
You visited 7 branches of the dungeon, and saw 37 of its levels.
You also visited: Gauntlet and Ice Cave.

You collected 4884 gold pieces.
You spent 1214 gold pieces at shops.

Inventory:

Hand Weapons
 j - a +9 vorpal flail
 x - a +9 vorpal demon whip (weapon)
 D - a +2 morningstar of venom
Armour
 a - the +1 helmet of the Eleven Nightmares (worn) {MR+}
   (You acquired it on level 1 of the Depths)

   It affects your resistance to hostile enchantments.
 d - +5 gold dragon scales (worn)
 g - the +0 pair of gloves "Baistroe" (worn) {Regen+ Dex+2}
   (Okawaru gifted it to you on level 5 of the Lair of Beasts)

   It affects your dexterity (+2).
   It increases your rate of regeneration.
 h - a +1 kite shield of protection (worn)
 B - a +2 cloak (worn)
 K - a +2 pair of boots of rampaging (worn)
 O - the +0 mask of the Dragon {MR+ Slay+3 SInv}
   (You found it on level 1 of the Orcish Mines)

   It affects your accuracy and damage with ranged weapons and melee attacks
   (+3).
   It affects your resistance to hostile enchantments.
   It lets you see invisible.
Jewellery
 f - an uncursed ring of resist corrosion
 l - a +4 ring of evasion
 n - an amulet of regeneration (around neck)
 o - the ring "Entein" (left hand) {MR+ Str+6}
   (You acquired it on level 1 of the Vaults)

   [ring of strength]

   It affects your strength (+6).
   It affects your resistance to hostile enchantments.
 y - a ring of see invisible (right hand)
 z - a +6 ring of strength
 F - an uncursed ring of positive energy
 G - a +4 ring of slaying
 I - an uncursed ring of stealth
 P - an uncursed ring of protection from fire
 U - an uncursed ring of protection from magic
 X - an uncursed ring of protection from magic
 Z - an uncursed ring of protection from magic
Wands
 c - a wand of flame (68)
 i - a wand of iceblast (49)
 q - a wand of disintegration (42)
 t - a wand of acid (34)
 v - a wand of random effects (100)
 J - a wand of paralysis (33)
 L - a wand of enslavement (25)
 V - a wand of digging (11)
Scrolls
 b - 17 scrolls of remove curse
 k - 15 scrolls of teleportation
 p - 3 scrolls of fear
 s - 2 scrolls of brand weapon
 E - 3 scrolls of blinking
 M - 2 scrolls of fog
 Q - 4 scrolls of identify (quivered)
 T - 7 scrolls of magic mapping
 Y - 2 scrolls of silence
Potions
 e - 4 potions of magic
 m - 5 potions of curing
 r - 4 potions of brilliance
 u - 4 potions of mutation
 w - 7 potions of lignification
 A - 7 potions of berserk rage
 C - 5 potions of heal wounds
 H - 2 potions of might
 N - 4 potions of haste
 R - 2 potions of invisibility
 S - a potion of cancellation
 W - a potion of resistance


   Skills:
 + Level 25.7 Fighting
 - Level 14.3 Maces & Flails
 - Level 16.7 Armour
 - Level 11.8 Dodging
 - Level 15.0 Shields
 - Level 9.0 Invocations


You had 21 spell levels left.
You didn't know any spells.
Your spell library contained the following spells:

 Spells                   Type           Power        Failure   Level
 Beastly Appendage        Tmut           #.....       99%         1
 Corona                   Hex            #......      99%         1
 Foxfire                  Conj/Fire      #...         99%         1
 Freeze                   Ice            #...         99%         1
 Magic Dart               Conj           #...         99%         1
 Sandblast                Erth           #.....       99%         1
 Blink                    Tloc           N/A          100%        2
 Call Imp                 Summ           #.......     100%        2
 Corpse Rot               Necr/Air       N/A          100%        2
 Ensorcelled Hibernation  Hex/Ice        #.....       100%        2
 Passwall                 Tmut/Erth      #.......     100%        2
 Slow                     Hex            #.......     100%        2
 Wereblood                Tmut           #.......     100%        2
 Confusing Touch          Hex            #.......     100%        3
 Conjure Flame            Conj/Fire      #.......     100%        3
 Dazzling Flash           Conj/Hex       #.....       100%        3
 Frozen Ramparts          Ice            #.....       100%        3
 Gell's Gravitas          Tloc           #.........   100%        3
 Ignite Poison            Fire/Tmut/Pois #.......     100%        3
 Inner Flame              Hex/Fire       #.......     100%        3
 Mephitic Cloud           Conj/Pois/Air  #.......     100%        3
 Ozocubu's Armour         Ice            #.......     100%        3
 Portal Projectile        Hex/Tloc       #.....       100%        3
 Spider Form              Tmut/Pois      #.........   100%        3
 Stone Arrow              Conj/Erth      #.....       100%        3
 Tukima's Dance           Hex            #.......     100%        3
 Cause Fear               Hex            #.........   100%        4
 Hailstorm                Conj/Ice       #.......     100%        4
 Ice Form                 Ice/Tmut       #.......     100%        4
 Leda's Liquefaction      Hex/Erth       #.........   100%        4
 Petrify                  Tmut/Erth      #.......     100%        4
 Sticky Flame             Conj/Fire      #.......     100%        4
 Summon Ice Beast         Ice/Summ       #.......     100%        4
 Blade Hands              Tmut           #.........   100%        5
 Bolt of Magma            Conj/Fire/Erth #.........   100%        5
 Fireball                 Conj/Fire      #.........   100%        5
 Lee's Rapid Deconstruct  Erth           #.........   100%        5
 Metabolic Englaciation   Hex/Ice        #.........   100%        5
 Silence                  Hex/Air        #.........   100%        5
 Summon Forest            Summ/Tloc      #.........   100%        5
 Yara's Violent Unravell  Hex/Tmut       #.........   100%        5
 Dispersal                Tloc           #.........   100%        6
 Eringya's Noxious Bog    Tmut/Pois      #.........   100%        6
 Hydra Form               Tmut           #.........   100%        6
 Iron Shot                Conj/Erth      #.........   100%        6
 Starburst                Conj/Fire      #.........   100%        6
 Haunt                    Necr/Summ      #.........   100%        7
 Summon Hydra             Summ           #.........   100%        7
 Borgnjor's Revivificati  Necr           #.........   100%        8
 Discord                  Hex            #.........   100%        8
 Disjunction              Tloc           #.........   100%        8
 Ignition                 Fire           #.........   100%        8
 Infestation              Necr           #.........   100%        8
 Necromutation            Tmut/Necr      #.........   100%        8
 Death's Door             Necr           #.........   100%        9
 Shatter                  Erth           #.........   100%        9
 Statue Form              Tmut/Erth      Unusable     N/A         6

Dungeon Overview and Level Annotations

Branches:
Dungeon (15/15)            Temple (0/1) D:4            Lair (6/6) D:10
  Swamp (4/4) Lair:3       Spider (4/4) Lair:2        Slime (0/5) Lair:5
    Orc (2/2) D:9             Elf (0/3) Orc:2        Vaults (4/5) D:13
  Crypt (0/3) Vaults:2     Depths (2/5) D:15          IceCv (visited)
Gauntlet (visited)

Altars:
Cheibriados
Dithmenos
Elyvilon
Gozag
Kikubaaqudgha
Okawaru
Trog
Uskayaw
Vehumet
Xom
Zin
Beogh
Jiyva

Shops:
D:4 [   D:7 !   D:13 *   Orc:2 [(=*   Vaults:1 (   Vaults:2 ?

Portals:
Hell: Depths:1
Abyss: Depths:1
Pandemonium: Depths:1
Ziggurat: Depths:1

Annotations:
D:5 3 runed translucent doors, Amon001's ghost, novice GnDe
Lair:3 exclusion: ice statue


Innate Abilities, Weirdness & Mutations

You are resistant to torment.
Your stone body is resilient. (AC +16)
You are immune to poison.
Your large and strong wings let you fly indefinitely.
You resist negative energy. (rN+)
You are resistant to electric shocks. (rElec)
You can survive without breathing.
You are immune to petrification.
You are immune to rotting.


Message History

Okay, then.
You feel much better.
The spriggan defender hits you with a +0 rapier of venom.
* * * LOW HITPOINT WARNING * * *
The spriggan defender hits you but does no damage.
You block the spark wasp's attack.
The frost giant hits you but does no damage.
You block the tentacled monstrosity's attack.
The tentacled monstrosity barely misses you.
The tentacled monstrosity tentacle-slaps you.
* * * LOW HITPOINT WARNING * * *
The tentacled monstrosity constricts you.
The floating eye seems to glare at you.
The spriggan defender hits you with a +0 rapier of venom!!
* * * LOW HITPOINT WARNING * * *
The spark wasp stings you but does no damage.
You hear two shouts!
The tentacled monstrosity's grasp on you weakens, but your attempt to escape fails.
The spriggan defender hits you with a +0 rapier of venom!!
You die... +++++

+((..++'#
++..|!'+'##
+'.)|.'+'.#
+'(...'+'.####
+'''CG''....<
'+++'DCCDl.....
'''*QiiyCh.≈≈≈.
.#######@##.≈≈≈[
.......X.# ≈≈≈.
########.##.≈♣≈....
#.##.≈♣≈.....
#.##.≈≈≈.....
#(##.≈≈≈.....
#(##.≈≈≈.....
#(##.≈≈≈.....
##.##.≈≈≈.....


You could see a shadow dragon (berserk), a tentacled monstrosity, an iron
dragon, 2 frost giants, 2 fire giants, a tengu reaver, a spriggan defender
(berserk), a spark wasp, a spriggan berserker (berserk, regenerating, resisting
magic), a polar bear (summoned, berserk), a komodo dragon shaped shifter, a
floating eye (charged) and a battlesphere.

Vanquished Creatures
  Sojobo (Vaults:4)
  the Lernaean hydra (Swamp:4)
  Saint Roka (Vaults:2)
  A caustic shrike (Depths:1)
  Arachne (Spider:3)
  A tentacled monstrosity (Swamp:3)
  A titan (Depths:1)
  A thorn hunter (Swamp:3)
  Kirke (Lair:4)
  A sphinx (Vaults:3)
  3 tengu reavers (Vaults:4)
  An iron dragon (Depths:1)
  An orc warlord (Vaults:4)
  4 fire giants
  5 ghost moths
  13 vault wardens
  A deep elf sorcerer (Vaults:4)
  3 emperor scorpions
  11 stone giants
  9 ironheart preservers
  6 entropy weavers
  A vampire knight (Vaults:2)
  A very ugly thing (Depths:2)
  A deep elf demonologist (Vaults:1)
  A bunyip (Swamp:1)
  2 dire elephants (Lair:6)
  5 spark wasps
  A minotaur (Gauntlet)
  A deep elf death mage (Vaults:2)
  5 eleionomae
  Snorg (D:9)
  7 ettins
  A jiangshi (Vaults:2)
  5 fire dragons
  3 great orbs of eyes
  A shambling mangrove (Swamp:4)
  3 ice dragons
  Fannar (Orc:1)
  5 yaktaur captains
  22 hydras
  A ghost crab (Swamp:3)
  2 rakshasas (Depths:1)
  A monstrous demonspawn (Depths:1)
  15 vault guards
  3 death knights
  4 boulder beetles
  58 two-headed ogres
  8 centaur warriors
  15 death yaks
  10 alligators
  A deep troll earth mage (Vaults:3)
  4 deep troll shamans
  14 ogre magi
  A catoblepas (Lair:5)
  2 orc high priests
  Urug (Lair:4)
  3 goliath frogs
  Nergalle (D:10)
  6 deep elf knights
  2 shadow wraiths
  A sixfirhy (Depths:1)
  10 skeletal warriors
  10 deep trolls
  2 unseen horrors (Vaults:1)
  3 wizards
  A spriggan druid (Swamp:3)
  2 glowing orange brains
  A flayed ghost (Vaults:2)
  5 deep elf archers
  9 swamp dragons
  A phantasmal warrior (Vaults:3)
  2 lindwurms (Lair:6)
  A harpy (shapeshifter) (Vaults:1)
  11 bog bodies
  A necromancer (Vaults:1)
  12 ironbrand convokers
  9 harpies (Vaults:3)
  17 orc knights
  10 ugly things
  26 wolf spiders
  2 manticores
  5 orc sorcerers
  10 deep elf magi
  A manticore (shapeshifter) (Vaults:1)
  13 orb spiders
  16 cyclopes
  7 elephants
  8 black mambas
  3 moths of wrath
  10 vault sentinels
  Joseph (D:7)
  A cane toad (shapeshifter) (Vaults:2)
  2 torpor snails (Spider:2)
  Maggie (D:6)
  A gargoyle (D:13)
  2 efreet
  2 hellions (Depths:1)
  A rime drake (shapeshifter) (Vaults:3)
  11 cane toads
  7 freezing wraiths
  44 yaktaurs
  A komodo dragon (shapeshifter) (D:14)
  3 rime drakes
  19 demonic crawlers
  12 komodo dragons
  3 red devils (Depths:1)
  3 meliai (Gauntlet)
  A jumping spider (shapeshifter) (Depths:1)
  4 tyrant leeches
  25 jumping spiders
  A bloated husk (Swamp:4)
  24 hornets
  7 trolls
  21 blink frogs
  13 polar bears
  A raiju (Lair:6)
  9 dream sheep
  A hornet (shapeshifter) (D:14)
  A meliai zombie (D:14)
  17 slime creatures
  A fire giant simulacrum (Vaults:3)
  9 spriggans
  4 shadows
  A vampire (D:11)
  Sigmund (D:2)
  73 yaks
  21 tarantellas
  A spriggan (shapeshifter) (Vaults:3)
  Eustachio (D:6)
  2 wyverns
  A water elemental (Depths:1)
  4 wraiths
  58 redbacks
  A hog (shapeshifter) (Depths:1)
  3 basilisks
  3 hogs
  7 fire bats
  2 vampire mosquitoes (Swamp:1)
  A swamp worm (shapeshifter) (Vaults:4)
  A soldier ant (D:13)
  6 swamp worms
  6 wargs
  2 acid dragons
  20 water moccasins
  17 hell hounds
  7 ice beasts
  2 sky beasts (D:7)
  15 black bears
  38 orc warriors
  7 swamp drakes
  A sky beast (shapeshifter) (Vaults:4)
  6 phantoms
  A black bear (shapeshifter) (Vaults:1)
  24 wolves
  An eye of draining (D:14)
  2 boggarts (Depths:1)
  44 ogres
  9 centaurs
  2 big kobolds
  14 bullfrogs
  A wyvern zombie (D:7)
  A water moccasin skeleton (D:7)
  7 scorpions
  6 howler monkeys
  11 wights
  13 electric eels
  2 crimson imps
  2 lava snakes (D:13)
  2 bullfrog zombies
  2 centaur zombies
  4 hounds
  3 jellies
  A bullfrog skeleton (D:11)
  20 orc priests
  An iron imp (Orc:1)
  26 orc wizards
  2 iguanas
  A hell rat (Lair:6)
  13 worker ants
  A hound skeleton (D:4)
  A hound zombie (D:10)
  3 worker ant zombies
  13 adders
  A howler monkey skeleton (D:6)
  4 shadow imps
  6 white imps
  An ufetubus (D:5)
  2 adder skeletons
  An adder zombie (D:9)
  4 worms
  A dart slug (D:1)
  2 leopard geckos (D:1)
  71 orcs
  7 giant cockroaches
  8 goblins
  6 hobgoblins
  18 jackals
  5 quokkas
  A ball python (D:2)
  16 bats
  8 frilled lizards
  A jackal skeleton (D:4)
  15 kobolds
  A leopard gecko zombie (D:5)
  A quokka skeleton (D:6)
  A quokka zombie (D:6)
  11 rats
  3 fire vortices (D:13)
1484 creatures vanquished.

Vanquished Creatures (collateral kills)
  A frost giant (Vaults:1)
  A yaktaur captain (Vaults:1)
  4 two-headed ogres (Vaults:1)
  A vault sentinel (Vaults:1)
  A wraith (Vaults:1)
  A tengu (shapeshifter) (Vaults:1)
9 creatures vanquished.

Vanquished Creatures (others)
  An ettin (Orc:2)
  2 alligators (Swamp:3)
  2 tyrant leeches (Swamp:3)
  3 bloated husks
  A spriggan (Swamp:3)
  A tarantella (Spider:4)
  A neqoxec (Depths:1)
  A swamp worm (Swamp:3)
  A swamp drake (Swamp:4)
  An orc warrior (Vaults:4)
  2 wolves (IceCv)
  A boggart (Depths:1)
  A glowing shapeshifter simulacrum (Vaults:3)
  An orc wizard (Orc:1)
  2 orcs
  A bush (Depths:2)
  39 fungi
  70 plants
131 creatures vanquished.

Grand Total: 1624 creatures vanquished

Notes
Turn   | Place    | Note
-------+----------+-------------------------------------------
     0 | D:1      | nuthulu the Gargoyle Fighter began the quest for the Orb.
     0 | D:1      | Reached XP level 1. HP: 14/14 MP: 1/1
   124 | D:1      | Reached XP level 2. HP: 19/19 MP: 2/2
   656 | D:1      | Reached XP level 3. HP: 24/24 MP: 3/3
   752 | D:1      | Reached skill level 4 in Fighting
  1091 | D:2      | Noticed Sigmund
  1226 | D:2      | Killed Sigmund
  1226 | D:2      | Reached skill level 5 in Fighting
  1226 | D:2      | Reached XP level 4. HP: 31/31 MP: 4/4
  1226 | D:2      | Reached XP level 5. HP: 35/35 MP: 5/5
  1452 | D:2      | Reached XP level 6. HP: 35/40 MP: 6/6
  1885 | D:2      | Found a white marble altar of Elyvilon.
  1906 | D:2      | Found a glowing golden altar of the Shining One.
  1906 | D:2      | Found a shimmering blue altar of Sif Muna.
  1910 | D:2      | Found a hide-covered altar of Uskayaw.
  1910 | D:2      | Found an iron altar of Okawaru.
  1910 | D:2      | Found a shimmering altar of Xom.
  2395 | D:3      | Reached skill level 6 in Fighting
  2590 | D:3      | Reached skill level 5 in Maces & Flails
  3080 | D:3      | Found an iron altar of Okawaru.
  3115 | D:3      | Became a worshipper of Warmaster Okawaru
  3337 | D:4      | Found Dyenwofiugi's Antique Armour Emporium.
  3379 | D:4      | Reached XP level 7. HP: 47/47 MP: 7/7
  3797 | D:4      | Found a staircase to the Ecumenical Temple.
  3980 | D:4      | Reached skill level 7 in Fighting
  4255 | D:4      | Reached * piety under Okawaru
  4496 | D:5      | Entered Level 5 of the Dungeon
  4606 | D:5      | Reached XP level 8. HP: 52/53 MP: 8/8
  4784 | D:5      | Found a radiant altar of Vehumet.
  5006 | D:5      | Found a runed translucent gate.
  5007 | D:5      | Found a runed translucent gate.
  5008 | D:5      | Found a runed translucent gate.
  5009 | D:5      | Noticed Amon001's ghost (novice GnDe)
  5014 | D:5      | Found a roughly hewn altar of Beogh.
  5164 | D:5      | Found an ancient bone altar of Kikubaaqudgha.
  5168 | D:5      | Found a hide-covered altar of Uskayaw.
  5173 | D:5      | Found a shadowy altar of Dithmenos.
  5529 | D:4      | Bought a bloodstained kite shield for 256 gold pieces
  5539 | D:4      | Identified the +1 kite shield of the Good {Int+2} (You
                  | bought it in a shop on level 4 of the Dungeon)
  5742 | D:6      | Reached skill level 8 in Fighting
  5923 | D:6      | Noticed Eustachio
  5946 | D:6      | Killed Eustachio
  5986 | D:6      | Found a white marble altar of Elyvilon.
  6146 | D:6      | Reached ** piety under Okawaru
  6354 | D:6      | Reached skill level 9 in Fighting
  6418 | D:6      | Noticed Maggie
  6474 | D:7      | Noticed Joseph
  6498 | D:7      | Killed Joseph
  6498 | D:7      | Reached XP level 9. HP: 61/61 MP: 9/9
  6669 | D:7      | Found Fiuxad's Distillery.
  6992 | D:7      | Reached skill level 10 in Fighting
  7044 | D:7      | Reached *** piety under Okawaru
  7495 | D:7      | Found a glowing silver altar of Zin.
  7496 | D:7      | Found an opulent altar of Gozag.
  7735 | D:8      | Noticed a two-headed ogre
  7759 | D:7      | HP: 1/63 [two-headed ogre/+0 giant spiked club (28)]
  7769 | D:7      | Killed a two-headed ogre
  7769 | D:7      | Reached **** piety under Okawaru
  7769 | D:7      | Reached skill level 11 in Fighting
  7769 | D:7      | Reached skill level 10 in Maces & Flails
  7769 | D:7      | Reached XP level 10. HP: 14/70 MP: 10/10
  7898 | D:8      | Found a bloodstained altar of Trog.
  8392 | D:4      | Bought a transparent helmet for 256 gold pieces
  8402 | D:4      | Identified the +4 helmet of the Soldier {Dex+4} (You bought
                  | it in a shop on level 4 of the Dungeon)
  8590 | D:6      | Killed Maggie
  9026 | D:9      | Reached ***** piety under Okawaru
  9026 | D:9      | Reached skill level 12 in Fighting
  9256 | D:9      | Noticed a two-headed ogre
  9277 | D:9      | Killed a two-headed ogre
  9544 | D:9      | Found a staircase to the Orcish Mines.
  9826 | D:9      | Received a gift from Okawaru
 10079 | D:10     | Entered Level 10 of the Dungeon
 10079 | D:10     | Noticed Nergalle
 10092 | D:10     | Killed Nergalle
 10092 | D:10     | Reached XP level 11. HP: 73/77 MP: 11/11
 10130 | D:10     | Noticed Snorg
 10171 | D:9      | Killed Snorg
 10171 | D:9      | Reached skill level 13 in Fighting
 10834 | D:10     | Found a staircase to the Lair.
 11026 | Lair:1   | Entered Level 1 of the Lair of Beasts
 11136 | Lair:1   | Received a gift from Okawaru
 11430 | Lair:1   | Reached skill level 14 in Fighting
 11526 | Lair:1   | Noticed a four-headed hydra
 11544 | Lair:1   | Killed a four-headed hydra
 11553 | Lair:1   | Received a gift from Okawaru
 11563 | Lair:1   | Reached XP level 12. HP: 72/86 MP: 12/12
 11949 | Lair:2   | Found a frozen archway.
 11958 | IceCv    | Entered an ice cave
 12036 | Lair:2   | Found a gate leading to a gauntlet.
 12044 | Gauntlet | Entered a Gauntlet
 12044 | Gauntlet | Found a transporter.
 12044 | Gauntlet | Noticed a five-headed hydra
 12051 | Gauntlet | Found a transporter.
 12119 | Gauntlet | Found a transporter.
 12126 | Gauntlet | Found a transporter.
 12151 | Gauntlet | Got a heavily runed iron ring
 12157 | Gauntlet | Identified the ring of Piulunu {Str+2 Dex-5 Slay+3 Stlth+}
                  | (You found it in a Gauntlet)
 12226 | Gauntlet | Noticed a minotaur
 12244 | Gauntlet | Killed a minotaur
 12244 | Gauntlet | Reached skill level 15 in Fighting
 12562 | Gauntlet | Identified Bucapnom's Volume of the Feathery Arsonist
 12869 | Lair:2   | Found a hole to the Spider Nest.
 13034 | Lair:2   | Reached skill level 1 in Invocations
 13549 | Lair:3   | Reached ****** piety under Okawaru
 13685 | Lair:3   | Found a staircase to the Swamp.
 13705 | Lair:3   | Reached skill level 5 in Armour
 14056 | Lair:3   | Reached skill level 5 in Invocations
 14229 | Lair:4   | Reached XP level 13. HP: 92/92 MP: 17/17
 14376 | Lair:4   | Noticed Urug
 14390 | Lair:4   | Killed Urug
 14390 | Lair:4   | Received a gift from Okawaru
 15143 | Lair:5   | Noticed Kirke
 15304 | Lair:4   | Killed Kirke
 15441 | Lair:5   | Received a gift from Okawaru
 15442 | Lair:5   | Got a brightly glowing dire flail {god gift}
 15775 | Lair:5   | Found a viscous altar of Jiyva.
 15775 | Lair:5   | Found a staircase to the Slime Pits.
 16133 | Lair:5   | Received a gift from Okawaru
 16134 | Lair:5   | Got a pair of heavily runed gloves {god gift}
 16147 | Lair:5   | Identified the +0 pair of gloves "Baistroe" {Regen+ Dex+2}
                  | (Okawaru gifted it to you on level 5 of the Lair of Beasts)
 16373 | Lair:6   | Entered Level 6 of the Lair of Beasts
 16396 | Lair:5   | Reached skill level 5 in Shields
 16400 | Lair:5   | Reached skill level 10 in Armour
 16429 | Lair:5   | Gained mutation: Your large and strong wings let you fly
                  | indefinitely. [Gargoyle growth]
 16429 | Lair:5   | Reached XP level 14. HP: 93/98 MP: 20/20
 17183 | Lair:5   | Received a gift from Okawaru
 17649 | Lair:6   | Noticed a dire elephant
 17719 | Lair:6   | Killed a dire elephant
 17827 | Lair:6   | Reached skill level 10 in Shields
 18159 | Lair:6   | Received a gift from Okawaru
 18159 | Lair:6   | Reached XP level 15. HP: 103/103 MP: 21/21
 18993 | Orc:1    | Entered Level 1 of the Orcish Mines
 19004 | Orc:1    | Noticed Fannar
 19152 | Orc:1    | Killed Fannar
 19537 | Orc:1    | Found the +0 mask of the Dragon {MR+ Slay+3 SInv}
 19734 | Orc:2    | Entered Level 2 of the Orcish Mines
 19835 | Orc:2    | Found Haq Noiw's Jewellery Boutique.
 19897 | Orc:2    | Found Atrorru's Antique Weapon Emporium.
 19981 | Orc:2    | Found Rehir's Antique Armour Shoppe.
 20093 | Orc:2    | Found a staircase to the Elven Halls.
 20108 | Orc:2    | Found a roughly hewn altar of Beogh.
 20231 | Orc:2    | Found Rige Yzu's General Store.
 20246 | Orc:2    | Bought a potion of curing for 42 gold pieces
 20737 | Swamp:1  | Entered Level 1 of the Swamp
 20785 | Swamp:1  | Received a gift from Okawaru
 21060 | Swamp:1  | Found a snail-covered altar of Cheibriados.
 21435 | Swamp:2  | Found the +6 lightning scales {run, rElec}
 21526 | Swamp:2  | Reached skill level 15 in Armour
 21703 | Swamp:2  | Reached XP level 16. HP: 108/108 MP: 22/22
 22201 | Swamp:3  | Noticed a thorn hunter
 22215 | Swamp:3  | Killed a thorn hunter
 22233 | Swamp:3  | Received a gift from Okawaru
 22414 | Swamp:3  | Noticed a tentacled monstrosity
 22441 | Swamp:3  | Killed a tentacled monstrosity
 22568 | Swamp:4  | Entered Level 4 of the Swamp
 22646 | Spider:1 | Entered Level 1 of the Spider Nest
 24804 | Spider:3 | Received a gift from Okawaru
 24810 | Spider:3 | Identified the +1 morningstar of the New World {vorpal, rN+
                  | Str+2 Dex-3} (Okawaru gifted it to you on level 3 of the
                  | Spider Nest)
 24873 | Spider:3 | Reached skill level 15 in Shields
 24884 | Spider:3 | Noticed Arachne
 24990 | Spider:3 | Killed Arachne
 25057 | Spider:2 | Reached XP level 17. HP: 113/113 MP: 23/23
 25095 | Spider:3 | Reached skill level 1 in Dodging
 25444 | Spider:4 | Entered Level 4 of the Spider Nest
 25797 | Spider:4 | Received a gift from Okawaru
 26229 | Spider:4 | Reached skill level 16 in Fighting
 27103 | Spider:3 | Reached skill level 5 in Dodging
 27334 | Spider:4 | Received a gift from Okawaru
 27529 | Spider:4 | Got a gossamer rune of Zot
 27982 | Swamp:4  | Reached skill level 17 in Fighting
 28121 | Swamp:4  | Received a gift from Okawaru
 28122 | Swamp:4  | Found the +3 sling "Punk" {acid, rCorr}
 28213 | Swamp:4  | Noticed the 27-headed Lernaean hydra
 28228 | Swamp:4  | Killed the 27-headed Lernaean hydra
 28228 | Swamp:4  | Reached XP level 18. HP: 85/124 MP: 17/24
 28231 | Swamp:4  | Got a decaying rune of Zot
 28441 | Swamp:4  | Found the +3 giant club "Skullcrusher" {speed, Str+7}
 29654 | D:12     | You are sucked into a shaft and drop 2 floors!
 29737 | D:14     | Received a gift from Okawaru
 29992 | D:14     | Reached skill level 18 in Fighting
 30297 | D:14     | Found a shadowy altar of Dithmenos.
 30471 | D:13     | You are sucked into a shaft and drop 2 floors!
 30471 | D:15     | Entered Level 15 of the Dungeon
 30471 | D:15     | Found a glowing silver altar of Zin.
 30645 | D:15     | Found a staircase to the Depths.
 31107 | D:13     | Found a gate to the Vaults.
 31239 | D:13     | Received a gift from Okawaru
 31733 | D:13     | Found Magajav's General Store.
 32068 | Vaults:1 | Entered Level 1 of the Vaults
 32272 | Vaults:1 | Received a gift from Okawaru
 32279 | Vaults:1 | Reached XP level 19. HP: 124/132 MP: 25/25
 32290 | Vaults:1 | Reached skill level 10 in Dodging
 32337 | Vaults:1 | Reached skill level 19 in Fighting
 32494 | Vaults:1 | Identified the -5 pair of gloves of Hiorrizi {Str+3}
                  | (Okawaru gifted it to you on level 1 of the Vaults)
 32495 | Vaults:1 | Identified a scroll of acquirement
 32508 | Vaults:1 | Acquired the ring "Entein" {MR+ Str+6}
 32812 | Vaults:1 | Found Ogos's Weapon Boutique.
 33270 | Vaults:1 | Received a gift from Okawaru
 33393 | Vaults:2 | Found Hireh Pusu's Magic Scroll Shop.
 33410 | Vaults:2 | Bought 3 scrolls of brand weapon for 660 gold pieces
 33749 | Vaults:2 | You are sucked into a shaft and drop 1 floor!
 34095 | Vaults:2 | Reached skill level 20 in Fighting
 34101 | Vaults:2 | Received a gift from Okawaru
 34105 | Vaults:2 | Identified the +2 hat "Pelicuptu" {rC- MP+9 Int+4} (Okawaru
                  | gifted it to you on level 2 of the Vaults)
 34621 | Vaults:2 | Reached XP level 20. HP: 142/142 MP: 26/26
 34906 | Vaults:2 | Found a staircase to the Crypt.
 34992 | Vaults:2 | Noticed Saint Roka
 35037 | Vaults:2 | Killed Saint Roka
 35318 | Vaults:3 | Reached skill level 21 in Fighting
 35759 | Vaults:3 | Received a gift from Okawaru
 35766 | Vaults:3 | Identified the +0 crystal plate armour "Naukyot" {Dex+3
                  | SInv} (Okawaru gifted it to you on level 3 of the Vaults)
 36161 | Vaults:3 | Reached skill level 22 in Fighting
 36956 | Vaults:4 | Received a gift from Okawaru
 37007 | Vaults:3 | Reached skill level 23 in Fighting
 37007 | Vaults:3 | Reached XP level 21. HP: 112/153 MP: 27/27
 37802 | Vaults:4 | Found a roughly hewn altar of Beogh.
 37876 | Vaults:4 | Noticed Sojobo
 37963 | Vaults:4 | Killed Sojobo
 37980 | Vaults:4 | Received a gift from Okawaru
 38005 | Vaults:4 | Reached skill level 24 in Fighting
 38103 | Vaults:4 | Received a gift from Okawaru
 38339 | Vaults:4 | Identified the +14 crystal plate armour of the Volcano
                  | {rElec MR- Slay+6} (Okawaru gifted it to you on level 4 of
                  | the Vaults)
 39151 | Depths:1 | Entered Level 1 of the Depths
 39301 | Depths:1 | Found a runed translucent door.
 39438 | Depths:1 | Found a roughly hewn altar of Beogh.
 39548 | Depths:1 | Found a one-way gate to the infinite horrors of the Abyss.
 39596 | Depths:1 | Reached skill level 25 in Fighting
 39697 | Depths:1 | Found a gateway to Hell.
 39849 | Depths:1 | Found a gateway to a ziggurat.
 40097 | Depths:1 | Received a gift from Okawaru
 40097 | Depths:1 | Reached XP level 22. HP: 136/164 MP: 28/28
 40482 | Depths:1 | Found a one-way gate leading to the halls of Pandemonium.
 40523 | Depths:1 | Acquired the +1 helmet of the Eleven Nightmares {MR+}
 40601 | Depths:2 | Found a huge runed gate.
 40601 | Depths:2 | Found a huge runed gate.
 40601 | Depths:2 | Found a huge runed gate.
 40707 | Depths:2 | Noticed a caustic shrike
 40712 | Depths:2 | Identified the +5 flail of Katyru Gaqi {freeze, *Slow +Inv
                  | rElec}
 40841 | Depths:1 | Killed a caustic shrike
 40947 | Depths:2 | Paralysed by a floating eye for 4 turns
 40952 | Depths:2 | HP: 1/166 [spriggan defender/+0 rapier of venom (22)]
 40953 | Depths:2 | Demolished by a spriggan defender

Illustrated notes

Levels and vault maps discovered:
D:1:      scummos_arrival_simple_crosswalls, layout_basic, nrook_campfire
D:2:      layout_loops_ring, doesnt_xom_only_xom, uniq_sigmund
D:3:      layout_loops_cross, okawaru_altar_gauntlet_db, minmay_puff
D:4:      layout_basic, minmay_temple_entry_stoned_glass, serial_rivers,
          chequers_serial_rivers_micro_d, chequers_serial_rivers_micro_b,
          chequers_serial_rivers_small_3, chequers_serial_rivers_micro_b,
          chequers_serial_rivers_micro_b, chequers_serial_rivers_micro_e,
          serial_shops, shop
D:5:      layout_loops_ring, minmay_overflow_temple_star_quad,
          nicolae_overflow_hidden_temple, biasface_ghost_orc_armoury
D:6:      layout_loops_cross, elyvilon_altar_1, uniq_maggie, uniq_eustachio
D:7:      minmay_chambers_of_sixes, layout_loops_ring,
          grunt_temple_overflow_gold_and_silver, serial_shops,
          nicolae_shop_statue_plus, minmay_misc_feat_rugged, serial_park_tiny_2,
          uniq_joseph
D:8:      layout_cave_pools, trog_ov_bears_minmay
D:9:      layout_long_grid, orc_0_dummy, minmay_door_square, st_stairs_4,
          serial_bayou_crossing
D:10:     layout_irregular_city, lair_entry_dummy, uniq_snorg, uniq_nergalle
D:11:     layout_loops_corners
D:12:     layout_stronghold, kb_lookout_dungeons_type, minivault_4,
          lightli_elemental_guards, uniq_nessos
D:13:     cheibrodos_monumental, layout_layer_cave, erik_vaults_2, serial_shops,
          nicolae_shop_behind_doors, hangedman_incinerator
D:14:     layout_irregular_city, grunt_dithmenos_shadows,
          kennysheep_generic_room_13
D:15:     grunt_enter_depths_hoard, layout_loops_ring,
          hangedman_abyss_or_decor_passed, basic_altar
Lair:1:   layout_loops_ring
Lair:2:   layout_chaotic_city, nicolae_spider_entry_non_spiders,
          gauntlet_entry_generic, portal_ice_cave_entry_pillars_1,
          serial_bayou_pond_d, grunt_megastairs_3
Lair:3:   layout_roguey, minmay_swamp_entry_eels, ice2_lemuel
Lair:4:   layout_cave_pods, minmay_holes, roderic_batcave, uniq_urug
Lair:5:   layout_misc_corridors, dpeg_slime_entry_enclosed_altar,
          serial_bayou_shore_a, serial_bayou_shore_b, grunt_megastairs_4,
          infiniplex_staircase_pool_2, uniq_kirke
Lair:6:   hangedman_lair_caniforms_friends, layout_loops_ring,
          hangedman_lair_in_review, infiniplex_staircase_pool
Swamp:1:  layout_basic_swamp, lemuel_altar_in_water
Swamp:2:  layout_basic_swamp, evilmike_swamp_ruin_wall, swamp_pool2
Swamp:3:  cheibrodos_swamp_monstrosity, layout_falls_marsh,
          hangedman_swamp_ruin_hall
Swamp:4:  grunt_swamp_rune_castle, layout_basic_swamp
Spider:1: layout_spider_delve
Spider:2: layout_chambers
Spider:3: layout_spider_delve, worms_lemuel, uniq_arachne
Spider:4: spider_rune_water, drop_trap, hive_lemuel
Orc:1:    layout_caves, hangedman_minor_magic, uniq_fannar
Orc:2:    grunt_orc_gardens, layout_diamond_mine, grunt_orc_garden,
          grunt_orc_garden, grunt_orc_garden, grunt_orc_garden, special_room,
          basic_altar
Vaults:1: vaults_mumra_hexcomb, ontoclasm_vaults_shuriken, v_alt_pattern_6,
          nicolae_vaults_little_squares_2, ontoclasm_vaults_ligature,
          nicolae_vaults_specimen_jars, vaults_room_fours, v_pattern_2,
          vaults_room_grid, vaults_mumra_hex, layout_vaults_ring, serial_shops,
          nicolae_shop_crystal
Vaults:2: minmay_crypt_entry_simple_statues, hangedman_vaults_corner_blocks,
          v_pattern_1, nicolae_vaults_theta, vaults_mumra_lcd,
          hangedman_vaults_slither, v_misc_23, v_misc_14,
          ontoclasm_vaults_gateway, vaults_dpeg_ring, layout_vaults_omnicross,
          serial_shops, shop, uniq_saint_roka
Vaults:3: v_misc_5, hangedman_vaults_snaps, hangedman_vaults_stream,
          nicolae_vaults_little_squares_2, nicolae_vaults_ring_of_whatevers,
          hangedman_vaults_hat, nicolae_vaults_border_crossing,
          ontoclasm_vaults_eye, layout_vaults_omnigrid, serial_shops,
          bzr_firewalk
Vaults:4: nicolae_vaults_what_the_h, v_alt_pattern_2, v_rooms_4,
          dpeg_vaults_monster_row, dpeg_vaults_monster_box,
          ontoclasm_vaults_ring_large, special_room_vaults [special_room_orc],
          hangedman_vaults_stitches, ontoclasm_vaults_ring_square,
          vaults_dpeg_doors, nicolae_vaults_little_squares_1, vaults_dpeg_hooks,
          layout_vaults_maze, uniq_sojobo
Depths:1: layout_basic, ziggurat_fallback, hellmouth_1, rand_demon_pan_entry_9,
          abyss_entry, kennysheep_decorative_pillar, nicolae_water_bricks,
          lightli_church_of_beogh
Depths:2: hangedman_hanging_gardens, layout_gridlike, hangedman_decor_points,
          abyss_entry, hangedman_tar_grid_catacomb, door_vault

Skill      XL: |  1  2  3  4  5  6  7  8  9 10 11 12 13 14 15 16 17 18 19 20 21 |
---------------+----------------------------------------------------------------+-----
Fighting       | 5 6 7 9 11 12 14 15 17 18 20 23 25 | 25.7
Maces & Flails | 4 5 6 8 10 11 13 14 | 14.3
Invocations    | 5 9 |  9.0
Armour         | 5 10 12 15 16 | 16.7
Shields        | 5 10 13 15 | 15.0
Dodging        | 7 9 11 | 11.8

Action                   |  1- 3 |  4- 6 |  7- 9 | 10-12 | 13-15 | 16-18 | 19-21 | 22-24 || total
-------------------------+-------+-------+-------+-------+-------+-------+-------+-------++-------
Melee: Flail             |   105 |   175 |   535 |   673 |  1345 |  1586 |       |       ||  4419
       Unarmed           |       |       |       |       |     8 |       |       |       ||     8
       Demon whip        |       |       |       |       |       |   435 |  1945 |   200 ||  2580
Invok: Heroism           |       |       |       |     6 |     6 |     4 |     3 |     1 ||    20
       Finesse           |       |       |       |       |     5 |     5 |     3 |     1 ||    14
 Abil: Fly               |       |       |       |       |     1 |       |     1 |       ||     2
       Stop Flying       |       |       |       |       |       |       |     1 |     1 ||     2
Evoke: Wand              |       |       |       |    11 |       |     1 |       |       ||    12
  Use: Scroll            |     1 |     8 |     7 |    17 |    15 |    17 |    10 |     1 ||    76
       Potion            |     1 |       |     6 |     3 |     4 |     4 |       |     1 ||    19
 Stab: Invisible         |       |       |     3 |       |       |     4 |       |       ||     7
       Petrified         |       |       |       |       |     5 |       |       |       ||     5
       Distracted        |       |       |       |       |       |     1 |     2 |       ||     3
Armor: Scale mail        |    51 |    25 |       |       |       |       |       |       ||    76
       Plate armour      |       |   103 |   276 |   310 |       |       |       |       ||   689
       Gold dragon scale |       |       |       |   147 |  1390 |  2038 |   716 |   103 ||  4394
Dodge: Dodged            |    35 |    38 |   126 |   109 |   195 |   626 |   587 |    45 ||  1761
Block: Kite shield       |    74 |    86 |   260 |   317 |  1005 |  1778 |  1202 |   127 ||  4849

Table legend: (Time is in decaauts)
 A = Elapsed time spent in this place.
 B = Non-inter-level travel time spent in this place.
 C = Inter-level travel time spent in this place.
 D = Time resting spent in this place.
 E = Time spent auto-exploring this place.
 F = Levels seen in this place.
 G = Mean time per level.
                   A        B        C        D        E       F      G
               +--------+--------+--------+--------+--------+-----+--------+
         Total |  38996 |  36544 |   2452 |   6281 |  18763 |  39 |  999.9 |
       Dungeon |  14634 |  13606 |   1028 |   2080 |   7902 |  15 |  975.6 |
          Lair |   7188 |   6703 |    485 |   1242 |   3232 |   6 | 1198.0 |
         Swamp |   2659 |   2456 |    203 |    402 |   1128 |   4 |  664.8 |
   Spider Nest |   4825 |   4556 |    269 |    739 |   2149 |   4 | 1206.2 |
  Orcish Mines |   1428 |   1380 |     48 |     93 |    798 |   2 |  714.0 |
        Vaults |   6061 |   5702 |    359 |    968 |   2968 |   4 | 1515.2 |
        Depths |   1561 |   1503 |     58 |    351 |    567 |   2 |  780.5 |
      Ice Cave |     44 |     44 |      0 |      0 |      0 |   1 |   44.0 |
      Gauntlet |    591 |    591 |      0 |    405 |     19 |   1 |  591.0 |
               +--------+--------+--------+--------+--------+-----+--------+

Top non-repeatable levels by time:
Vaults:3: 2118 daAuts
  Lair:6: 1667 daAuts
  Lair:5: 1652 daAuts
Vaults:2: 1511 daAuts
     D:9: 1499 daAuts
     D:7: 1472 daAuts
Spider:4: 1471 daAuts
Depths:1: 1456 daAuts
     D:4: 1408 daAuts
     D:2: 1388 daAuts
Vaults:4: 1303 daAuts
Spider:2: 1263 daAuts
Spider:3: 1172 daAuts
  Lair:4: 1166 daAuts
     D:3: 1139 daAuts
